 Dungeon Crawl Stone Soup version 0.26-a0-1129-gc5df7fbe6a (webtiles) character file.

Game seed: 13962633375935335013

10873 streetpizza the Prestidigitator (level 11, -14/100 HPs)
             Began as a Deep Dwarf Artificer on Dec 18, 2020.
             Was a High Priest of Makhleb.
             Demolished by a white ugly thing (31 damage)
             ... on level 12 of the Dungeon.
             The game lasted 01:04:45 (10498 turns).

streetpizza the Prestidigitator (DDAr)             Turns: 10498, Time: 01:04:45

Health: -14/100    AC: 16    Str: 16    XL:     11   Next: 41%
Magic:  10/10      EV: 17    Int: 15    God:    Makhleb [*****.]
Gold:   575        SH:  5    Dex: 13    Spells: 10/10 levels left

rFire    + . .     SeeInvis +   y - +3 flail (protect)
rCold    . . .     Faith    .   G - +0 buckler
rNeg     . . .     Spirit   .   M - +2 leather armour {rF+}
rPois    .         Reflect  .   g - +0 helmet
rElec    .         Harm     .   P - scarf {shadows}
rCorr    .         Rampage  .   f - +0 pair of gloves
Will     +....                  I - +1 pair of boots
Stlth    ++........             Q - amulet of the acrobat
HPRegen  0.00/turn              K - ring of wizardry
MPRegen  0.12/turn              E - ring of see invisible

@: protection aura, non-regenerating
A: damage resistance, heal wounds, sense surroundings 2, no regeneration
a: Heal Wounds, Renounce Religion, Minor Destruction, Lesser Servant of Makhleb,
Major Destruction, Greater Servant of Makhleb


You were on level 12 of the Dungeon.
You worshipped Makhleb.
Makhleb was extremely pleased with you.
You visited 2 branches of the dungeon, and saw 13 of its levels.
You also visited: Sewer and Bailey.

You collected 575 gold pieces.

Inventory:

Hand Weapons
 j - a +1 whip of draining
 t - a +0 flail of venom
 y - a +3 flail of protection (weapon)
Missiles
 p - 5 javelins
 s - 39 poisoned darts (quivered)
 O - 8 curare-tipped darts
Armour
 f - a +0 pair of gloves (worn)
 g - a +0 helmet (worn)
 k - a scarf of harm
 z - a +0 kite shield
 G - a +0 buckler (worn)
 I - a +1 pair of boots (worn)
 L - a +2 ring mail of fire resistance
 M - a +2 leather armour of fire resistance (worn)
 P - a scarf of shadows (worn)
 S - +1 steam dragon scales
 W - a +0 crystal plate armour
Jewellery
 E - a ring of see invisible (right hand)
 K - a ring of wizardry (left hand)
 Q - an amulet of the acrobat (around neck)
Wands
 c - a wand of flame (29)
 d - a wand of enslavement (15)
 e - a wand of random effects (21)
 N - a wand of paralysis (13)
Scrolls
 a - 2 scrolls of fear
 b - 2 scrolls of identify
 h - 9 scrolls of teleportation
 i - 5 scrolls of remove curse
 l - 5 scrolls of enchant armour
 n - 3 scrolls of blinking
 u - a scroll of acquirement {unknown}
 v - 5 scrolls of enchant weapon
 C - a scroll of magic mapping
 D - 2 scrolls of amnesia
 F - 2 scrolls of fog
Potions
 m - 3 potions of lignification {unknown}
 o - 3 potions of invisibility {unknown}
 q - 4 potions of flight {unknown}
 r - 2 potions of brilliance {unknown}
 w - 5 potions of curing
 x - 2 potions of magic {unknown}
 A - 2 potions of might {unknown}
 B - 6 potions of heal wounds
 H - a potion of degeneration {unknown}
 J - 2 potions of haste {unknown}
 R - a potion of attraction {unknown}
 T - a potion of ambrosia {unknown}
Miscellaneous
 V - a tin of tremorstones (2/2)


   Skills:
 + Level 7.4 Fighting
 + Level 8.1 Maces & Flails
 - Level 2.1 Armour
 + Level 9.0 Dodging
 - Level 2.3 Stealth
 + Level 4.1 Shields
 + Level 9.9 Invocations
 - Level 10.6 Evocations


You had 10 spell levels left.
You didn't know any spells.
Your spell library contained the following spells:

 Spells                   Type           Power        Failure   Level
 Animate Skeleton         Necr           0%           13%         1
 Apportation              Tloc           0%           13%         1
 Corona                   Hex            0%           13%         1
 Magic Dart               Conj           0%           13%         1
 Shock                    Conj/Air       0%           13%         1
 Summon Small Mammal      Summ           0%           13%         1
 Blink                    Tloc           N/A          21%         2
 Call Imp                 Summ           0%           21%         2
 Ensorcelled Hibernation  Hex/Ice        0%           21%         2
 Slow                     Hex            0%           21%         2
 Swiftness                Air            0%           21%         2
 Confusing Touch          Hex            0%           36%         3
 Conjure Flame            Conj/Fire      0%           36%         3
 Dazzling Flash           Conj/Hex       0%           36%         3
 Lesser Beckoning         Tloc           0%           36%         3
 Mephitic Cloud           Conj/Pois/Air  0%           36%         3
 Static Discharge         Conj/Air       0%           36%         3
 Tukima's Dance           Hex            0%           36%         3
 Airstrike                Air            0%           75%         4
 Alistair's Intoxication  Tmut/Pois      0%           97%         5
 Bolt of Magma            Conj/Fire/Erth 0%           97%         5
 Iskenderun's Battlesphe  Conj           0%           97%         5
 Lightning Bolt           Conj/Air       0%           97%         5
 Invisibility             Hex            0%           100%        6
 Iron Shot                Conj/Erth      0%           100%        6
 Orb of Destruction       Conj           0%           100%        7
 Spellforged Servitor     Conj/Summ      0%           100%        7


Dungeon Overview and Level Annotations

Branches:
Dungeon (12/15)            Temple (1/1) D:4            Lair (0/6) D:10
    Orc (0/2) D:11          Sewer (visited)          Bailey (visited)

Altars:
Ashenzari
Cheibriados
Dithmenos
Elyvilon
Fedhas
Gozag
Hepliaklqana
Kikubaaqudgha
Makhleb
Nemelex Xobeh
Okawaru
Qazlal
Ru
Sif Muna
Trog
Uskayaw
Vehumet
Wu Jian
Xom
Yredelemnul
Zin
The Shining One
Jiyva

Shops:
D:6 }   D:9 :

Annotations:
D:11 2 transporters, Maimakterion's ghost, novice SpCj


Innate Abilities, Weirdness & Mutations

You are resistant to damage.
You can heal yourself by infusing magical energy.
You passively map the area around you.
You do not regenerate.


Message History

Your Dodging skill increases to level 9!
You barely miss the white ugly thing. The white ugly thing barely misses you.
You barely miss the white ugly thing. The white ugly thing headbutts you.
The white ugly thing freezes you!!
* * * LOW HITPOINT WARNING * * *
You hit the white ugly thing.
The white ugly thing is lightly wounded.
The white ugly thing headbutts you but does no damage.
You feel much better. The white ugly thing headbutts you.
The white ugly thing freezes you!
* * * LOW HITPOINT WARNING * * *
You sock the white ugly thing!
The white ugly thing is moderately wounded.
You block the white ugly thing's attack.
You closely miss the white ugly thing.
The white ugly thing is lightly wounded.
The white ugly thing headbutts you.
* * * LOW HITPOINT WARNING * * *
The white ugly thing freezes you!!
You die...

*, ........ ,# *
,...... , .. ,
#.*.##...#######..# *
#.*,............... ,
#.#####............ ,
,
#..............Y.>#**
*
#.......##Y........,,,
,,,
#.#......#u########***
* #.#.######@# *
#..........# ,..#
###.########,* #.# #.#
#.# #.# * #.# #.# *
#.# #.# #.# #.#
#.###.#### #.#
#........#


You could see a white ugly thing and a yak.

Vanquished Creatures
  A two-headed ogre (D:9)
  The ghost of DARIUSDUKE234 the Spear-Bearer, a novice MfFi of Gozag (D:8)
  A manticore (D:11)
  An ugly thing (D:11)
  Maurice (D:9)
  A troll (D:11)
  A hornet (D:11)
  2 slime creatures (D:8)
  A shadow (D:11)
  A wraith (D:11)
  8 yaks
  2 steam dragons
  Edmund (D:4)
  A water moccasin (D:11)
  4 orc warriors (D:11)
  2 ice beasts
  5 sky beasts
  7 ogres
  A phantom (D:6)
  7 centaurs
  7 big kobolds
  3 bullfrogs
  11 gnoll sergeants
  7 scorpions
  A killer bee (D:8)
  3 wights (D:7)
  A howler monkey (D:6)
  A bullfrog zombie (D:5)
  4 gnoll shamans (Bailey)
  6 hounds
  9 jellies
  7 orc wizards
  2 bullfrog skeletons
  2 orc priests (D:11)
  2 centaur skeletons
  2 iguanas
  7 worker ants
  2 hound skeletons
  14 adders
  14 gnolls
  A shadow imp (D:8)
  2 ufetubi
  An ooze (Sewer)
  An adder skeleton (D:6)
  8 worms
  3 dart slugs
  6 leopard geckos
  32 orcs
  8 bats
  9 giant cockroaches
  4 hobgoblins
  18 jackals
  22 kobolds
  7 quokkas
  8 frilled lizards
  14 goblins
  A leopard gecko skeleton (D:5)
  11 rats
310 creatures vanquished.

Vanquished Creatures (collateral kills)
  A gnoll sergeant (Bailey)
  2 gnoll shamans (Bailey)
  3 gnolls (Bailey)
6 creatures vanquished.

Vanquished Creatures (others)
  A kobold (D:9)
  14 plants (D:3)
15 creatures vanquished.

Grand Total: 331 creatures vanquished

Notes
Turn   | Place    | Note
-------+----------+-------------------------------------------
     0 | D:1      | streetpizza the Deep Dwarf Artificer began the quest for
                  | the Orb.
     0 | D:1      | Reached XP level 1. HP: 16/16 MP: 1/1
    50 | D:1      | Reached skill level 1 in Fighting
   116 | D:1      | Reached XP level 2. HP: 8/25 MP: 2/2
   649 | D:2      | Reached skill level 1 in Maces & Flails
   649 | D:2      | Reached XP level 3. HP: 31/31 MP: 3/3
   852 | D:2      | Reached XP level 4. HP: 29/39 MP: 4/4
  1635 | D:3      | Reached skill level 5 in Evocations
  1775 | D:3      | Reached XP level 5. HP: 11/45 MP: 5/5
  2675 | D:4      | Found a staircase to the Ecumenical Temple.
  2683 | Temple   | Entered the Ecumenical Temple
  2970 | Temple   | Became a worshipper of Makhleb the Destroyer
  3036 | D:4      | Noticed Edmund
  3145 | D:4      | Found a shimmering altar of Xom.
  3279 | D:4      | Reached XP level 6. HP: 32/55 MP: 5/5
  3310 | D:4      | Killed Edmund
  3311 | D:4      | Reached skill level 1 in Invocations
  3397 | D:5      | Entered Level 5 of the Dungeon
  3463 | D:5      | Reached skill level 6 in Evocations
  3483 | D:5      | Reached XP level 7. HP: 39/62 MP: 7/7
  3652 | D:5      | Found a glowing drain.
  3683 | Sewer    | Entered a sewer
  3825 | Sewer    | Reached * piety under Makhleb
  4054 | D:5      | Reached XP level 8. HP: 48/72 MP: 8/8
  4084 | D:5      | Reached skill level 7 in Evocations
  4301 | D:5      | You fall into a shaft and drop 2 floors!
  4428 | D:7      | Reached skill level 5 in Dodging
  4596 | D:7      | Reached skill level 5 in Invocations
  4905 | D:6      | Reached ** piety under Makhleb
  4939 | D:6      | Found Tinaiw's Gadget Emporium.
  5151 | D:6      | Reached skill level 5 in Maces & Flails
  5179 | D:6      | Reached skill level 8 in Evocations
  5203 | D:6      | Gained mutation: You passively map the area around you.
                  | [Deep Dwarf growth]
  5203 | D:6      | Reached XP level 9. HP: 59/80 MP: 10/10
  5917 | D:7      | Noticed a two-headed ogre
  6339 | D:8      | Reached skill level 5 in Fighting
  6510 | D:8      | Found a runed translucent gate.
  6510 | D:8      | Found a runed translucent gate.
  6510 | D:8      | Found a runed translucent gate.
  6512 | D:8      | Found a viscous altar of Jiyva.
  6512 | D:8      | Noticed DARIUSDUKE234's ghost (novice MfFi)
  6547 | D:8      | Killed DARIUSDUKE234's ghost
  6557 | D:8      | Reached skill level 9 in Evocations
  7304 | D:9      | Reached XP level 10. HP: 59/91 MP: 9/9
  7341 | D:9      | Noticed a two-headed ogre
  7400 | D:9      | Killed a two-headed ogre
  7422 | D:9      | Reached *** piety under Makhleb
  7437 | D:9      | Found Naahompo's Book Shoppe.
  7488 | D:9      | Found a flagged portal.
  7499 | Bailey   | Entered a bailey
  7703 | Bailey   | Reached skill level 10 in Evocations
  8142 | D:9      | Noticed Maurice
  8158 | D:9      | Killed Maurice
  8580 | D:10     | Entered Level 10 of the Dungeon
  8620 | D:10     | Noticed a death yak
  8620 | D:10     | Noticed a death yak
  8642 | D:10     | Noticed a death yak
  8739 | D:10     | Found a bloodstained altar of Trog.
  8897 | D:10     | Reached **** piety under Makhleb
  8995 | D:10     | Found a staircase to the Lair.
  9407 | D:11     | Found a transporter.
  9420 | D:11     | Noticed a moth of wrath
  9438 | D:11     | Noticed a fire dragon
  9447 | D:11     | Found a transporter.
  9460 | D:11     | Noticed Maimakterion's ghost (novice SpCj)
  9553 | D:11     | Reached XP level 11. HP: 81/100 MP: 10/10
  9849 | D:11     | Found a staircase to the Orcish Mines.
 10129 | D:11     | Noticed a green ugly thing
 10141 | D:11     | Reached skill level 1 in Shields
 10258 | D:11     | Killed a green ugly thing
 10474 | D:12     | Noticed a white ugly thing
 10492 | D:12     | Reached ***** piety under Makhleb
 10498 | D:12     | Demolished by a white ugly thing

Illustrated notes

Levels and vault maps discovered:
D:1:      lemuel_arrival_funnel, layout_basic
D:2:      layout_basic
D:3:      layout_basic, lexackson_kobold_supper
D:4:      layout_cave_pools, lemuel_coloured_pillars_altar,
          minmay_temple_entry_wispy, uniq_edmund
D:5:      layout_loops_ring, portal_sewer_entry_f,
          minmay_a_box_with_orc_wizards_in_it
D:6:      layout_basic, serial_shops, shop, nrook_mini_vaults,
          nicolae_zen_rock_garden, eino_small_chamber_without_monster
D:7:      layout_gridville
D:8:      layout_loops_ring, gammafunk_ghost_ooze, minmay_chambers_of_fives
D:9:      layout_long_grid, enter_bailey_3, serial_shops, shop,
          hangedman_decor_points, hangedman_abyss_or_decor_stabs, st_stairs_10,
          uniq_maurice
D:10:     layout_basic, dpeg_lair_monsters, trog_book
D:11:     layout_irregular_city, kennysheep_orc_monster_closet_entryway,
          gammafunk_ghost_berserking_beasts
D:12:     layout_basic, uniq_azrael, uniq_fannar, uniq_gastronok
Temple:   regret_index_temple_sigil_plot

Skill      XL: |  1  2  3  4  5  6  7  8  9 10 11 |
---------------+----------------------------------+-----
Fighting       | 1 2 3 4 5 7 |  7.4
Stealth        | 2 |  2.3
Maces & Flails | 1 2 3 5 6 7 8 |  8.1
Dodging        | 2 3 4 5 7 8 9 |  9.0
Evocations     | 5 6 8 9 10 | 10.6
Invocations    | 2 3 5 7 9 |  9.9
Shields        | 4 |  4.1
Armour         | |  2.1

Action                   |  1- 3 |  4- 6 |  7- 9 | 10-12 || total
-------------------------+-------+-------+-------+-------++-------
Melee: Club              |   111 |       |       |       ||   111
       Whip              |    35 |   405 |       |       ||   440
       Flail             |       |    17 |   441 |   606 ||  1064
Throw: Javelin           |       |    15 |     5 |     8 ||    28
       Dart              |       |       |     3 |     1 ||     4
Invok: Minor Destruction |       |       |     1 |     1 ||     2
       Lesser Servant of |       |       |       |     1 ||     1
 Abil: Heal Wounds       |     2 |     3 |    15 |     6 ||    26
Evoke: Wand              |     5 |     3 |    25 |    28 ||    61
  Use: Scroll            |       |       |       |    15 ||    15
       Potion            |       |       |       |     3 ||     3
 Stab: Sleeping          |     4 |     3 |       |     2 ||     9
       Distracted        |     1 |       |       |     2 ||     3
       Paralysed         |       |       |     4 |    22 ||    26
Armor: Leather armour    |    67 |    69 |   194 |    28 ||   358
       Steam dragon scal |       |       |     1 |   163 ||   164
Dodge: Dodged            |    90 |   182 |   403 |   550 ||  1225
Block: Buckler           |       |       |       |    18 ||    18

Table legend: (Time is in decaauts)
 A = Elapsed time spent in this place.
 B = Non-inter-level travel time spent in this place.
 C = Inter-level travel time spent in this place.
 D = Time resting spent in this place.
 E = Time spent auto-exploring this place.
 F = Levels seen in this place.
 G = Mean time per level.
                   A        B        C        D        E       F      G
               +--------+--------+--------+--------+--------+-----+--------+
         Total |  10673 |  10264 |    409 |     68 |   6294 |  15 |  711.5 |
       Dungeon |   9527 |   9148 |    379 |     59 |   5779 |  12 |  793.9 |
        Temple |    318 |    288 |     30 |      0 |    274 |   1 |  318.0 |
         Sewer |    335 |    335 |      0 |      7 |    143 |   1 |  335.0 |
        Bailey |    492 |    492 |      0 |      2 |     97 |   1 |  492.0 |
               +--------+--------+--------+--------+--------+-----+--------+

Top non-repeatable levels by time:
     D:3: 1193 daAuts
     D:6: 1025 daAuts
    D:11: 955 daAuts
     D:8: 940 daAuts
     D:9: 906 daAuts
     D:5: 857 daAuts
     D:2: 822 daAuts
     D:7: 796 daAuts
    D:10: 752 daAuts
     D:1: 634 daAuts
  Bailey: 492 daAuts
     D:4: 462 daAuts
   Sewer: 335 daAuts
  Temple: 318 daAuts
    D:12: 180 daAuts
